[Event "Titled Tuesday Blitz April 19 Early 2022"]
[White "Aaditya Dhingra"]
[Black "Oparin, Grigoriy"]
[WhiteFideId "25678191"]
[BlackFideId "24125890"]
[WhiteElo "1849"]
[BlackElo "2665"]
[Result "0-1"]
[Round "01"]
[TimeControl "180+1"]
[Date "2022.04.19"]
[WhiteClock "0:00:01"]
[BlackClock "0:01:51"]

1. e4 c6 2. Nf3 d5 3. Nc3 dxe4 4. Nxe4 Nf6 5. Qe2 Na6 6. d4 Nxe4 7. Qxe4 Qd5 8. Qxd5 cxd5 9. Bf4 e6 10. Kd2 Nb4 11. c3 Nc6 12. Bd3 Bd7 13. b4 a5 14. b5 Na7 15. a4 Nc8 16. Rac1 Bd6 17. Bxd6 Nxd6 18. c4 dxc4 19. Bxc4 Ke7 20. Bb3 Rhc8 21. Ne5 Be8 22. f3 Nf5 23. Kd3 Nd6 24. Nc4 Nxc4 25. Rxc4 Rxc4 26. Bxc4 Kd6 27. Rc1 Rc8 28. Rc3 b6 29. Bb3 Rd8 30. Ke3 Bd7 31. Bc2 h6 32. Be4 g5 33. f4 f6 34. g3 Rg8 35. Rd3 Rc8 36. Kd2 Rc4 37. Ra3 Rxd4+ 38. Rd3 Kc5 39. Rxd4 Kxd4 40. Bc6 Bc8 41. fxg5 fxg5 42. Be8 e5 43. Bg6 e4 44. Bh5 e3+ 45. Ke2 Be6 46. Bg6 Bb3 47. Bf5 Bxa4 48. Bg6 Bxb5+ 0-1


[Site "https://www.chess.com"]

[Event "Titled Tuesday Blitz April 19 Early 2022"]
[White "Abdrlauf, Elham"]
[Black "Chan, Kim Yew"]
[WhiteFideId "1533533"]
[BlackFideId "5717981"]
[WhiteElo "2334"]
[BlackElo "2206"]
[Result "1-0"]
[Round "01"]
[TimeControl "180+1"]
[Date "2022.04.19"]
[WhiteClock "0:01:17"]
[BlackClock "0:00:07"]

1. e4 c5 2. Ne2 Nc6 3. Nbc3 g6 4. g3 Bg7 5. Bg2 d6 6. O-O e6 7. d3 Nge7 8. Be3 Nd4 9. Qd2 O-O 10. Rac1 Rb8 11. Bh6 b5 12. Bxg7 Kxg7 13. Nxd4 cxd4 14. Ne2 Qb6 15. c3 dxc3 16. bxc3 d5 17. exd5 Nxd5 18. c4 bxc4 19. dxc4 Ne7 20. c5 Qb2 21. Rc2 Qe5 22. c6 Ba6 23. Rfc1 Bxe2 24. Qxe2 Qxe2 25. Rxe2 Rfc8 26. c7 Rb6 27. Rd2 Nf5 28. Rd8 Nd6 29. Rxd6 Rxd6 30. Bb7 Rxc7 31. Rxc7 Rd1+ 32. Kg2 Rd2 33. a4 a5 34. Rc5 Rb2 35. Bf3 h5 36. h4 1-0


[Site "https://www.chess.com"]

[Event "Titled Tuesday Blitz April 19 Early 2022"]
[White "Ahmadzada, Ahmad"]
[Black "Martin Duque, Jesus"]
[WhiteFideId "13413007"]
[BlackFideId "2208954"]
[WhiteElo "2228"]
[BlackElo "2243"]
[Result "0-1"]
[Round "01"]
[TimeControl "180+1"]
[Date "2022.04.19"]
[WhiteClock "0:00:03"]
[BlackClock "0:01:05"]

1. Nf3 Nf6 2. g3 b6 3. Bg2 Bb7 4. O-O g6 5. c4 Bg7 6. Nc3 O-O 7. d3 c5 8. e4 Nc6 9. Ne1 d6 10. f4 Ne8 11. f5 Nd4 12. Nc2 e6 13. Nxd4 Bxd4+ 14. Kh1 exf5 15. exf5 Bxg2+ 16. Kxg2 Bxc3 17. bxc3 d5 18. Bh6 Ng7 19. f6 Nf5 20. Rxf5 gxf5 21. Bg7 dxc4 22. Qh5 Qxd3 23. Re1 Rfe8 24. Bh6 f4 25. Re7 f3+ 26. Kh3 Qg6 27. Qh4 Rxe7 28. fxe7 Re8 29. g4 f2 30. Kg2 Qe4+ 31. Kxf2 Qxe7 32. Qh5 Qe1+ 33. Kf3 Qe2+ 34. Kg3 Qd3+ 35. Kh4 Qg6 0-1


[Site "https://www.chess.com"]

[Event "Titled Tuesday Blitz April 19 Early 2022"]
[White "Alekseenko, Kirill"]
[Black "Agasarov, Benik"]
[WhiteFideId "4135539"]
[BlackFideId "13314823"]
[WhiteElo "2682"]
[BlackElo "2500"]
[Result "1-0"]
[Round "01"]
[TimeControl "180+1"]
[Date "2022.04.19"]
[WhiteClock "0:00:23"]
[BlackClock "0:00:03"]

1. d4 Nf6 2. Nc3 d5 3. Bf4 c5 4. e3 a6 5. Nf3 e6 6. Be2 Nc6 7. O-O Be7 8. Ne5 O-O 9. dxc5 Bxc5 10. Bd3 Bd6 11. Nxc6 bxc6 12. Bxd6 Qxd6 13. e4 Rb8 14. Qe2 e5 15. b3 Bg4 16. Qe1 a5 17. f3 Be6 18. Kh1 Rfd8 19. Rd1 d4 20. Na4 Qb4 21. Qg3 Nd7 22. Nb2 c5 23. Nc4 f6 24. h3 Kh8 25. f4 exf4 26. Rxf4 Bxc4 27. Bxc4 Ne5 28. Bd5 Qc3 29. Qxc3 dxc3 30. Rff1 Rb4 31. Kg1 Rd4 32. Kf2 Rc8 33. Ke3 Rb4 34. Be6 Re8 35. Rd6 Rd4 36. Rd1 Rxd1 37. Rxd1 g6 38. Rd6 Kg7 39. Ra6 Rd8 40. Bd5 c4 41. Rxa5 cxb3 42. axb3 f5 43. Kf4 Nd7 44. Ra7 Kh6 45. e5 Nb6 46. Bf3 Rd4+ 47. Ke3 Rd2 48. e6 Nc8 49. Rc7 Nd6 50. Rxc3 Ne4 51. Bxe4 Rd6 52. Rc6 1-0


[Site "https://www.chess.com"]

[Event "Titled Tuesday Blitz April 19 Early 2022"]
[White "Alinasab, Mobina"]
[Black "Nan, M K Khine Hlyan"]
[WhiteFideId "12528897"]
[BlackFideId "13002899"]
[WhiteElo "2031"]
[BlackElo "1943"]
[Result "1-0"]
[Round "01"]
[TimeControl "180+1"]
[Date "2022.04.19"]
[WhiteClock "0:02:56"]
[BlackClock "0:02:31"]

1. e4 e5 2. Nf3 Nc6 3. Bb5 Bc5 4. c3 Nge7 5. O-O O-O 6. d4 exd4 7. cxd4 Bb6 8. d5 a6 9. Be2 Nb4 10. a3 Nbxd5 11. exd5 Nxd5 12. Qxd5 Re8 13. Nc3 d6 14. Qh5 Be6 15. Ng5 h6 16. Nxe6 Rxe6 17. Bc4 Rf6 18. Nd5 Rg6 19. Nxb6 cxb6 20. Qxg6 1-0


[Site "https://www.chess.com"]

[Event "Titled Tuesday Blitz April 19 Early 2022"]
[White "Andreikin, Dmitry"]
[Black "Omelja, Artem"]
[WhiteFideId "4158814"]
[BlackFideId "14119846"]
[WhiteElo "2736"]
[BlackElo "2382"]
[Result "1-0"]
[Round "01"]
[TimeControl "180+1"]
[Date "2022.04.19"]
[WhiteClock "0:01:47"]
[BlackClock "0:00:21"]

1. d4 d5 2. c4 c6 3. Nf3 e6 4. Qc2 Nf6 5. Nbd2 Nbd7 6. g3 Be7 7. Bg2 O-O 8. O-O b6 9. e4 dxe4 10. Nxe4 Bb7 11. Rd1 Qc8 12. Nxf6+ Nxf6 13. c5 Nd5 14. Bg5 Qd8 15. h4 h6 16. Bxe7 Qxe7 17. Ne5 Rac8 18. Rac1 Rfd8 19. Qa4 b5 20. Qa3 a5 21. Be4 a4 22. Qf3 Qf6 23. Qh5 Ne7 24. Ng4 Qxd4 25. Rxd4 Rxd4 26. Re1 Rcd8 27. Ne5 Rf8 28. Qf3 Nd5 29. Bxd5 Rxd5 30. g4 f6 31. Ng6 Re8 32. h5 Kf7 33. Qf4 e5 34. Qb4 Ra8 35. f4 exf4 36. Re7+ Kg8 37. Rxb7 Re8 38. Ne7+ Kf7 39. Nxd5+ Ke6 40. Qe4# 1-0


[Site "https://www.chess.com"]

[Event "Titled Tuesday Blitz April 19 Early 2022"]
[White "Aradhya, Garg"]
[Black "Kostiukov, Alexandr"]
[WhiteFideId "25006746"]
[BlackFideId "14108100"]
[WhiteElo "2169"]
[BlackElo "2202"]
[Result "1-0"]
[Round "01"]
[TimeControl "180+1"]
[Date "2022.04.19"]
[WhiteClock "0:00:05"]
[BlackClock "0:00:01"]

1. d4 g6 2. e4 c5 3. dxc5 Qa5+ 4. Nc3 Bg7 5. Bd2 Qxc5 6. Nd5 Na6 7. Nf3 Nf6 8. b4 Qd6 9. Bxa6 Nxd5 10. Bc4 Nxb4 11. Rb1 Nc6 12. O-O O-O 13. Re1 Qc7 14. h4 d6 15. h5 Bg4 16. hxg6 hxg6 17. Be2 Ne5 18. Nxe5 Bxe2 19. Qxe2 Bxe5 20. Rb3 Qxc2 21. Rxb7 Bf6 22. Bh6 Qxe2 23. Rxe2 Rfb8 24. Rc7 Rc8 25. Rec2 Rxc7 26. Rxc7 a5 27. a4 Rb8 28. Bd2 Rb1+ 29. Kh2 Rb2 30. Bxa5 Rxf2 31. Kg3 Ra2 32. Rc4 Be5+ 33. Kf3 f5 34. exf5 gxf5 35. Bd8 Kf7 36. a5 Ke6 37. Bb6 Ra3+ 38. Kf2 Kd5 39. Rc2 e6 40. Ke2 Ke4 41. Rc4+ 1-0


[Site "https://www.chess.com"]

[Event "Titled Tuesday Blitz April 19 Early 2022"]
[White "Ardila, Oscar Humberto"]
[Black "Jakubowski, Krzysztof"]
[WhiteFideId "4404742"]
[BlackFideId "1112848"]
[WhiteElo "1983"]
[BlackElo "2365"]
[Result "0-1"]
[Round "01"]
[TimeControl "180+1"]
[Date "2022.04.19"]
[WhiteClock "0:00:01"]
[BlackClock "0:01:22"]

1. d4 Nf6 2. c4 g6 3. Nc3 Bg7 4. e4 d6 5. Nf3 O-O 6. Be2 Na6 7. O-O c5 8. d5 Nc7 9. Bf4 Rb8 10. a4 b6 11. h3 a6 12. Bd3 Bd7 13. Qe2 Rb7 14. e5 Nfe8 15. Rfe1 Qb8 16. Bg5 f6 17. exd6 exd6 18. Bf4 Rf7 19. Ne4 Bf8 20. Qc2 b5 21. axb5 axb5 22. b3 bxc4 23. Bxc4 Nb5 24. Ra6 Bf5 25. g4 Bxe4 26. Rxe4 Rfe7 27. Rxe7 Rxe7 28. Bxb5 Qxb5 29. Rc6 Re2 30. Qc4 Qxc4 31. bxc4 Re4 32. Bxd6 Bxd6 0-1


[Site "https://www.chess.com"]

[Event "Titled Tuesday Blitz April 19 Early 2022"]
[White "Aroesti, Roee"]
[Black "Wieczorek, Oskar"]
[WhiteFideId "2817144"]
[BlackFideId "1133950"]
[WhiteElo "2068"]
[BlackElo "2319"]
[Result "0-1"]
[Round "01"]
[TimeControl "180+1"]
[Date "2022.04.19"]
[WhiteClock "0:00:06"]
[BlackClock "0:02:02"]

1. e3 Nf6 2. b3 g6 3. Bb2 Bg7 4. Nf3 O-O 5. Be2 b6 6. O-O Bb7 7. c4 c5 8. Nc3 Nc6 9. d4 cxd4 10. Nxd4 Nxd4 11. Qxd4 d5 12. Bf3 Ne4 13. Qd3 dxc4 14. Qxd8 Rfxd8 15. Bxe4 Bxe4 16. bxc4 Bd3 17. Rfd1 Bxc4 18. f3 b5 19. Kf2 b4 20. Na4 Rxd1 21. Rxd1 Bxb2 22. Nxb2 Bxa2 23. Nd3 b3 24. Nc1 Bb1 25. Rd2 Bc2 26. Ne2 b2 0-1


[Site "https://www.chess.com"]

[Event "Titled Tuesday Blitz April 19 Early 2022"]
[White "Atakhan, Abtin"]
[Black "Devaev, Alexander"]
[WhiteFideId "22502203"]
[BlackFideId "4169395"]
[WhiteElo "2094"]
[BlackElo "2185"]
[Result "1-0"]
[Round "01"]
[TimeControl "180+1"]
[Date "2022.04.19"]
[WhiteClock "0:00:17"]
[BlackClock "0:00:02"]

1. c4 c5 2. g3 e6 3. Bg2 Nf6 4. Nf3 Nc6 5. O-O Be7 6. b3 O-O 7. Bb2 a6 8. e3 Rb8 9. Qe2 b5 10. Na3 bxc4 11. Nxc4 a5 12. Rfc1 Ba6 13. d3 Qc7 14. Rab1 Rfc8 15. Bc3 Nd5 16. Bd2 Ra8 17. a3 Bb5 18. Ne1 a4 19. bxa4 Bxa4 20. Bxd5 exd5 21. Nb6 Rcb8 22. Nxa8 Rxa8 23. Bc3 Nd8 24. e4 Bc6 25. Nf3 d4 26. Bd2 Rxa3 27. Bf4 d6 28. Ra1 Qa7 29. Qb2 Rxa1 30. Rxa1 Qc7 31. Ra6 h6 32. Qb6 Qd7 33. Bc1 f5 34. Nd2 fxe4 35. Nxe4 Qe6 36. f3 d5 37. Qb3 Qf5 38. Nd2 Kh7 39. Ra2 Qd7 40. Qd1 Bb5 41. Nf1 Bf6 42. Rb2 Ne6 43. Qe2 c4 44. Rxb5 Qxb5 45. Qxe6 cxd3 46. Qf5+ Kg8 47. Bd2 Qc4 48. g4 Qc2 49. Qxd5+ Kh7 50. Qe4+ Kg8 51. Kg2 Bg5 52. Qe1 1-0


[Site "https://www.chess.com"]

[Event "Titled Tuesday Blitz April 19 Early 2022"]
[White "Avalos Parra, Joao"]
[Black "Gharibyan, Mamikon"]
[WhiteFideId "3402541"]
[BlackFideId "13308300"]
[WhiteElo "2173"]
[BlackElo "2254"]
[Result "1-0"]
[Round "01"]
[TimeControl "180+1"]
[Date "2022.04.19"]
[WhiteClock "0:00:12"]
[BlackClock "0:00:03"]

1. d4 Nf6 2. Nf3 e6 3. g3 b5 4. Bg2 Bb7 5. O-O Be7 6. Re1 O-O 7. Nbd2 d5 8. Ne5 c5 9. c3 Nbd7 10. Ndf3 a5 11. Bg5 h6 12. Bf4 b4 13. Nxd7 Nxd7 14. Ne5 a4 15. a3 bxc3 16. bxc3 cxd4 17. cxd4 Nxe5 18. Bxe5 Bc6 19. Qd3 Qa5 20. Rec1 Bb5 21. Qe3 Rfc8 22. g4 Qd8 23. Rab1 Rxc1+ 24. Rxc1 Rc8 25. Rb1 Ba6 26. Bg3 Bc4 27. Rb7 Ba6 28. Rb1 Bf8 29. h4 Qe7 30. Rb4 Qd7 31. Rb6 Qa7 32. Rb1 Bc4 33. g5 hxg5 34. hxg5 Qe7 35. g6 fxg6 36. Bh3 Rc6 37. Rb8 Qf6 38. Be5 Qf7 39. Qg3 Bb3 40. Kg2 Bc2 41. Bd6 Rxd6 42. Qxd6 Be4+ 43. f3 Bf5 44. Bxf5 gxf5 45. Ra8 g6 46. Qd8 Kg7 47. Rxa4 Be7 48. Qd7 Qf6 49. Ra7 Qg5+ 50. Kf1 Qc1+ 51. Kf2 Kh6 52. Qxe7 Qh1 53. Qh7+ Kg5 54. Qxh1 1-0


[Site "https://www.chess.com"]

[Event "Titled Tuesday Blitz April 19 Early 2022"]
[White "Avazkhonov, Alikhon"]
[Black "Gabrielian, Artur"]
[WhiteFideId "14208504"]
[BlackFideId "4131002"]
[WhiteElo "1739"]
[BlackElo "2440"]
[Result "0-1"]
[Round "01"]
[TimeControl "180+1"]
[Date "2022.04.19"]
[WhiteClock "0:00:07"]
[BlackClock "0:01:06"]

1. e4 e5 2. Nf3 Nc6 3. Bb5 a6 4. Ba4 d6 5. O-O Bd7 6. c3 g6 7. d4 Bg7 8. d5 Nce7 9. Bxd7+ Qxd7 10. c4 h6 11. Nc3 f5 12. Ne1 Nf6 13. f3 O-O 14. Nd3 f4 15. Bd2 g5 16. Be1 Ng6 17. Bf2 g4 18. Kh1 h5 19. b4 Rf7 20. c5 Bf8 21. Rc1 Rg7 22. cxd6 cxd6 23. Na4 Re8 24. Nb6 Qf7 25. Qe2 g3 26. hxg3 fxg3 27. Bxg3 h4 28. Bh2 Nh5 29. f4 Ng3+ 30. Bxg3 hxg3 31. Qg4 Nxf4 32. Rxf4 Rxg4 33. Rxg4+ Bg7 34. Rxg3 Rf8 35. Kg1 Kh7 36. Rh3+ Bh6 37. Rc2 Qg6 38. Rc7+ Rf7 39. Nd7 Kg7 40. N7xe5 dxe5 41. Nxe5 Qb6+ 0-1


[Site "https://www.chess.com"]

[Event "Titled Tuesday Blitz April 19 Early 2022"]
[White "Avramidou, Anastasia"]
[Black "Shimanov, Aleksandr"]
[WhiteFideId "4239873"]
[BlackFideId "4198603"]
[WhiteElo "2183"]
[BlackElo "2636"]
[Result "0-1"]
[Round "01"]
[TimeControl "180+1"]
[Date "2022.04.19"]
[WhiteClock "0:00:12"]
[BlackClock "0:00:09"]

1. d4 Nf6 2. c4 g6 3. Nc3 Bg7 4. e4 O-O 5. Bd3 d6 6. Nge2 c6 7. O-O a6 8. a4 e5 9. d5 Nbd7 10. a5 Ne8 11. Bc2 Qe7 12. Be3 Nef6 13. f3 Nh5 14. Kh1 Kh8 15. Qd2 c5 16. Rab1 f5 17. exf5 gxf5 18. f4 e4 19. b4 cxb4 20. Rxb4 Nc5 21. Na4 Nxa4 22. Bxa4 Nf6 23. h3 Nd7 24. Bxd7 Qxd7 25. Bd4 Rg8 26. Rfb1 Qc7 27. Qc3 h6 28. Bxg7+ Rxg7 29. Ng3 Qf7 30. Rb6 Qg6 31. Kh2 h5 32. R1b2 Qh6 33. Qe3 h4 34. Nf1 Kh7 35. c5 Rg6 36. c6 bxc6 37. Rxc6 Bd7 38. Rc7 Rg7 39. Rbb7 Rd8 40. Ra7 Kh8 41. Qf2 Rdg8 42. Ne3 Bc8 43. Rxg7 Rxg7 44. Rxg7 Kxg7 45. Qb2+ Kh7 46. Qe2 Qxf4+ 47. Kg1 Kh6 48. Nf1 Qc1 49. Kh2 Qf4+ 50. Kg1 Qc1 51. Kh2 Kg5 52. g3 hxg3+ 53. Nxg3 Qf4 54. Kg1 Qxg3+ 0-1


[Site "https://www.chess.com"]

[Event "Titled Tuesday Blitz April 19 Early 2022"]
[White "Bachmann, Axel"]
[Black "Mikhailovsky, Vladimir"]
[WhiteFideId "3700488"]
[BlackFideId "34105414"]
[WhiteElo "2587"]
[BlackElo "2349"]
[Result "0-1"]
[Round "01"]
[TimeControl "180+1"]
[Date "2022.04.19"]
[WhiteClock "0:00:09"]
[BlackClock "0:00:20"]

1. d4 d6 2. g3 e5 3. dxe5 dxe5 4. Qxd8+ Kxd8 5. Nc3 c6 6. f4 Nd7 7. Nf3 f6 8. Bd2 Kc7 9. O-O-O Bd6 10. Ne4 Be7 11. Bh3 Nc5 12. Nxc5 Bxh3 13. Be3 Re8 14. fxe5 fxe5 15. Nxe5 Nf6 16. Nf7 Rhf8 17. Bf4+ Kb6 18. Na4+ Kb5 19. Nc3+ Ka6 20. Ne5 Bb4 21. Rd4 Bxc3 22. bxc3 g5 0-1


[Site "https://www.chess.com"]

[Event "Titled Tuesday Blitz April 19 Early 2022"]
[White "Belenkaya, Dina"]
[Black "Kezin, Roman"]
[WhiteFideId "24142654"]
[BlackFideId "24124621"]
[WhiteElo "2196"]
[BlackElo "2570"]
[Result "0-1"]
[Round "01"]
[TimeControl "180+1"]
[Date "2022.04.19"]
[WhiteClock "0:00:09"]
[BlackClock "0:00:57"]

1. e4 c6 2. d3 g6 3. Nd2 Bg7 4. g3 d5 5. Bg2 e5 6. Ngf3 Ne7 7. O-O O-O 8. Re1 Qc7 9. b3 d4 10. a4 c5 11. a5 Nbc6 12. Nc4 Rb8 13. Nh4 b5 14. axb6 axb6 15. f4 b5 16. Nxe5 Nxe5 17. fxe5 Nc6 18. Bf4 Bxe5 19. Qd2 Be6 20. Ra6 f6 21. Nf3 Ra8 22. Rea1 Qb7 23. Rxa8 Rxa8 24. Rxa8+ Qxa8 25. Bxe5 fxe5 26. Ng5 Bd7 27. Qf2 Qe8 28. Bh3 Bxh3 29. Nxh3 Qf8 30. Qe2 Nb4 31. Nf2 h5 32. Nh3 Qf6 33. Kg2 Kg7 34. Ng1 Qg5 35. Nf3 Qc1 36. Ne1 Na2 37. Nf3 Nc3 38. Qf2 Nd1 39. Qe2 Ne3+ 40. Kh3 Qxc2 41. Qxc2 Nxc2 42. Nxe5 Na1 43. b4 cxb4 44. Nf3 b3 45. Nd2 b2 46. Kg2 Nb3 47. Nb1 Nc5 48. Kf2 Nxd3+ 49. Ke2 Nc5 50. Kd2 Nxe4+ 51. Kd3 Nc3 52. Na3 b4 53. Kxd4 bxa3 54. Kxc3 b1=Q 55. Kd2 a2 56. Ke3 a1=Q 57. Kf4 Qd4+ 58. Kg5 Qf5# 0-1


[Site "https://www.chess.com"]

[Event "Titled Tuesday Blitz April 19 Early 2022"]
[White "Belozerov, Andrei"]
[Black "Marin Masis, Jose Esteban"]
[WhiteFideId "4120213"]
[BlackFideId "6508146"]
[WhiteElo "2320"]
[BlackElo "1710"]
[Result "1-0"]
[Round "01"]
[TimeControl "180+1"]
[Date "2022.04.19"]
[WhiteClock "0:01:09"]
[BlackClock "0:00:09"]

1. e4 c5 2. Nf3 Nc6 3. d4 cxd4 4. Nxd4 Nf6 5. Nc3 e5 6. Ndb5 d6 7. Bg5 a6 8. Na3 b5 9. Nd5 Be7 10. Bxf6 Bxf6 11. c3 O-O 12. Nc2 Bg5 13. a4 bxa4 14. Rxa4 a5 15. Bc4 Rb8 16. b3 Kh8 17. Nce3 Ne7 18. Nxe7 Qxe7 19. Nd5 Qd8 20. O-O f5 21. exf5 Bxf5 22. Qe2 Bd7 23. Ra2 Be6 24. Rfa1 Qc8 25. Rxa5 Bd8 26. Ra6 Bxd5 27. Bxd5 Qxc3 28. Qe3 Qxe3 29. fxe3 Bb6 30. Re1 Bc5 31. g3 Rf6 32. Kg2 Rbf8 33. Re2 h5 34. h4 Kh7 35. Ra4 Rf1 36. b4 Bb6 37. Ra6 Bc7 38. Rc6 Bb8 39. Be4+ g6 40. b5 Rc1 41. Rxc1 1-0


[Site "https://www.chess.com"]

[Event "Titled Tuesday Blitz April 19 Early 2022"]
[White "Bilan, Danila"]
[Black "Muradov, Soltan"]
[WhiteFideId "24161918"]
[BlackFideId "14002108"]
[WhiteElo "2164"]
[BlackElo "1854"]
[Result "0-1"]
[Round "01"]
[TimeControl "180+1"]
[Date "2022.04.19"]
[WhiteClock "0:00:08"]
[BlackClock "0:00:06"]

1. d4 Nf6 2. Nf3 e6 3. g3 b6 4. Bg2 Bb7 5. O-O c5 6. c4 cxd4 7. Nxd4 Bxg2 8. Kxg2 Qc8 9. b3 Qb7+ 10. f3 a6 11. Bb2 d6 12. Nc3 Nbd7 13. e4 Be7 14. Qe2 O-O 15. Rfd1 Rac8 16. Rac1 Rfd8 17. Nc2 h6 18. Ne3 Nc5 19. b4 Ncd7 20. a3 Ne5 21. Nb1 Nfd7 22. Nd2 b5 23. f4 Nxc4 24. Nexc4 bxc4 25. Nxc4 Nb6 26. Na5 Qa8 27. Kh3 Bf8 28. Bd4 Nd7 29. Qd3 Rxc1 30. Rxc1 Rc8 31. Rxc8 Qxc8 32. Qc4 Qa8 33. Qc6 Qxc6 34. Nxc6 g5 35. f5 h5 36. g4 h4 37. Kg2 d5 38. exd5 exd5 39. Kf3 f6 40. h3 Kf7 41. Nd8+ Ke8 42. Ne6 Bd6 43. Ba7 Kf7 44. Bd4 Ke8 45. Ke3 Kf7 46. Kd3 Ne5+ 47. Bxe5 Bxe5 48. a4 Ke7 49. Nd4 Kd6 50. Ne6 Kc6 51. Kc2 Kb6 52. Kb3 Bd6 53. Nd4 Be5 54. Nf3 Bf4 55. Nd4 Be5 56. Nc2 Bd6 57. Ne3 d4 58. Nc4+ Kc6 59. Nxd6 Kxd6 60. Kc4 Ke5 61. Kd3 Kd5 62. b5 axb5 63. axb5 Kc5 64. b6 Kxb6 65. Kxd4 Kc6 66. Ke4 Kd6 67. Kd4 Kc6 68. Kc4 Kd6 69. Kb5 Ke5 70. Kc5 Kf4 71. Kd6 Kg3 72. Ke6 Kxh3 73. Kxf6 Kxg4 74. Kg6 h3 75. f6 h2 76. f7 h1=Q 77. f8=Q Qh5+ 78. Kg7 Qh4 79. Kg6 Kg3 80. Qa3+ Kh2 81. Qb2+ Kh3 82. Qc3+ Kg4 83. Qd4+ Kf3 84. Qf6+ Kg4 85. Qf5+ Kg3 86. Qd3+ Kh2 87. Qe2+ Kh1 88. Qf1+ Kh2 89. Qf5 g4 90. Qf4+ Kh3 91. Qf1+ Kh2 92. Qe2+ Kh1 93. Qf1+ Kh2 94. Qf4+ Kg1 95. Qc1+ Kg2 96. Qd2+ Kf3 97. Qd1+ Kg2 98. Qe2+ Kg3 99. Qe1+ Kh3 100. Qh1+ Kg3 101. Qe1+ Kh3 102. Qh1+ Kg3 103. Qg1+ Kf3 104. Qd1+ Ke3 105. Qe1+ Qxe1 0-1


[Site "https://www.chess.com"]

[Event "Titled Tuesday Blitz April 19 Early 2022"]
[White "Bilych, Olexiy"]
[Black "Sliwicki, Damian"]
[WhiteFideId "14156504"]
[BlackFideId "1127128"]
[WhiteElo "2176"]
[BlackElo "2084"]
[Result "0-1"]
[Round "01"]
[TimeControl "180+1"]
[Date "2022.04.19"]
[WhiteClock "0:00:05"]
[BlackClock "0:00:20"]

1. e4 c5 2. Nf3 g6 3. c3 Bg7 4. d4 cxd4 5. cxd4 d5 6. e5 a6 7. Nc3 Nc6 8. Qb3 Bg4 9. Be3 Bxf3 10. gxf3 e6 11. Qxb7 Nge7 12. Qb3 O-O 13. Be2 Nf5 14. Qa4 Nxe3 15. fxe3 Qh4+ 16. Kd2 Rfc8 17. Rag1 Bh6 18. Rg4 Qe7 19. h4 Rab8 20. Kc1 Rb4 21. Qc2 Nxd4 22. Qd3 Rxb2 23. Kxb2 Qb4+ 24. Ka1 Rxc3 25. Qxd4 Qa3 26. Rb1 Rc2 27. Rb2 Bxe3 28. Qd3 Qxb2# 0-1


[Site "https://www.chess.com"]

[Event "Titled Tuesday Blitz April 19 Early 2022"]
[White "Bortnyk, Olexandr"]
[Black "SsanderSseverino"]
[WhiteFideId "14120828"]
[WhiteElo "2723"]
[BlackElo "2513"]
[Result "1-0"]
[Round "01"]
[TimeControl "180+1"]
[Date "2022.04.19"]
[WhiteClock "0:00:21"]
[BlackClock "0:00:42"]

1. d4 Nf6 2. Nc3 d5 3. Bf4 c6 4. e3 Bf5 5. Nf3 e6 6. Ne5 h6 7. g4 Bh7 8. h4 Bb4 9. Bd3 Bxd3 10. cxd3 Nbd7 11. Kf1 Nxe5 12. Bxe5 Bd6 13. Kg2 h5 14. g5 Bxe5 15. dxe5 Nd7 16. d4 Qe7 17. Qb3 O-O-O 18. Ne2 f6 19. f4 f5 20. Rhc1 g6 21. a4 a5 22. Qc3 Qb4 23. Qxb4 axb4 24. a5 Kc7 25. Ra4 Ra8 26. Rca1 b6 27. Nc1 bxa5 28. Rxa5 Kb7 29. Nd3 Rxa5 30. Rxa5 Nb6 31. Nc5+ Kb8 32. b3 Rh7 33. Ra6 Nd7 34. Rxc6 Nxc5 35. dxc5 Rc7 36. Rxe6 Rxc5 37. Rxg6 Kc7 38. Rf6 Kd7 39. g6 Ke7 40. Kf3 Rc1 41. Ke2 Rg1 42. Kd2 Rg4 43. Rxf5 Rxh4 44. Rg5 Kf8 45. g7+ Kg8 46. e6 Rh2+ 47. Kd3 Ra2 48. e7 Ra8 49. Rxd5 Kxg7 50. Rd8 1-0


[Site "https://www.chess.com"]

[Event "Titled Tuesday Blitz April 19 Early 2022"]
[White "Brodowski, Piotr"]
[Black "Barbashin, Igor"]
[WhiteFideId "1124480"]
[BlackFideId "4155718"]
[WhiteElo "2422"]
[BlackElo "2138"]
[Result "1-0"]
[Round "01"]
[TimeControl "180+1"]
[Date "2022.04.19"]
[WhiteClock "0:00:12"]
[BlackClock "0:00:11"]

1. e4 d5 2. exd5 Nf6 3. d4 Nxd5 4. c4 Nb6 5. Nc3 e5 6. dxe5 Qxd1+ 7. Nxd1 Nc6 8. Nf3 Be6 9. Ne3 Bb4+ 10. Bd2 O-O-O 11. Bxb4 Nxb4 12. a3 Nc6 13. Be2 Rhe8 14. O-O Nd7 15. Rfd1 Ndxe5 16. Nxe5 Nxe5 17. b3 c5 18. Kf1 g5 19. h3 Nc6 20. Bd3 h6 21. Rac1 b6 22. Nd5 Nd4 23. b4 Rd6 24. Nf6 Red8 25. Ne4 Rc6 26. bxc5 bxc5 27. Ng3 Nb3 28. Rc3 Rcd6 29. Rxb3 Rxd3 30. Rbxd3 Bxc4 31. Ke2 Bxd3+ 32. Rxd3 Re8+ 33. Kd2 Kc7 34. Nf5 Re5 35. Nxh6 f6 36. Ng4 Re6 37. Ne3 Kc6 38. Kc2 Re4 39. f3 Ra4 40. Kb3 Rf4 41. Nc4 a5 42. a4 g4 43. hxg4 f5 44. gxf5 Rxf5 45. Nxa5+ Kb6 46. Nc4+ Kc6 47. Rd6+ Kc7 48. Rg6 Rf4 49. Kc3 Rf8 50. Rg5 Ra8 51. Rxc5+ Kd8 52. a5 Ke7 53. g4 1-0


[Site "https://www.chess.com"]

[Event "Titled Tuesday Blitz April 19 Early 2022"]
[White "Buchenau, Frank"]
[Black "Urazayev, Arystanbek"]
[WhiteFideId "4604350"]
[BlackFideId "13709810"]
[WhiteElo "2193"]
[BlackElo "2422"]
[Result "0-1"]
[Round "01"]
[TimeControl "180+1"]
[Date "2022.04.19"]
[WhiteClock "0:00:01"]
[BlackClock "0:00:20"]

1. e4 c5 2. Nf3 d6 3. Bb5+ Bd7 4. Bxd7+ Nxd7 5. O-O Ngf6 6. Qe2 e6 7. d4 cxd4 8. Nxd4 Be7 9. c4 O-O 10. b3 a6 11. Bb2 Rc8 12. Nc3 Qa5 13. Rad1 Rfd8 14. Kh1 Qh5 15. Qxh5 Nxh5 16. f4 Nhf6 17. f5 e5 18. Nc2 Nc5 19. Rfe1 h5 20. Nb4 Ncd7 21. Nbd5 Nxd5 22. Nxd5 Bf8 23. Rc1 Nc5 24. Rc3 b5 25. Ba3 bxc4 26. Bxc5 Rxc5 27. Rec1 cxb3 28. axb3 g6 29. fxg6 fxg6 30. Rxc5 dxc5 31. Ra1 Rb8 32. Rxa6 Rxb3 33. Kg1 Kh7 34. Rc6 h4 35. Rc7+ Kh6 36. h3 Rb8 37. Kf2 Rb2+ 38. Kf3 Rb3+ 0-1


[Site "https://www.chess.com"]

[Event "Titled Tuesday Blitz April 19 Early 2022"]
[White "Buscar, Michael"]
[Black "Lazov, Toni"]
[WhiteFideId "2603616"]
[BlackFideId "15000770"]
[WhiteElo "2010"]
[BlackElo "2321"]
[Result "1-0"]
[Round "01"]
[TimeControl "180+1"]
[Date "2022.04.19"]
[WhiteClock "0:00:03"]
[BlackClock "0:00:03"]

1. Nf3 d6 2. c4 e5 3. d3 g6 4. g3 Bg7 5. Bg2 a5 6. Nc3 f5 7. O-O Nf6 8. Ne1 O-O 9. Nc2 c6 10. b4 axb4 11. Nxb4 Na6 12. Nc2 h6 13. a4 Nd7 14. Ba3 Qc7 15. Rc1 Nac5 16. d4 Nxa4 17. Nxa4 Rxa4 18. dxe5 Bxe5 19. f4 Rxa3 20. fxe5 Qb6+ 21. Kh1 Ra5 22. exd6 Re5 23. Qd2 Qc5 24. Qxh6 Qxd6 25. Rcd1 Qf6 26. e4 Qg7 27. Qh4 Nc5 28. exf5 Bxf5 29. Nd4 Be4 30. Bxe4 Rxe4 31. Rxf8+ Qxf8 32. Qg5 Qd6 33. Qd2 Qf6 34. Qg2 Kg7 35. Nf3 Rxc4 36. Rf1 Ne4 37. Nd2 Qxf1+ 38. Nxf1 Nd2 39. Qxd2 1-0


[Site "https://www.chess.com"]